 Dungeon Crawl Stone Soup version 0.23-a0-550-g7de1f8e (webtiles) character file.

335 tilp the Chiller (level 6, 0/41 HPs)
             Began as a Merfolk Ice Elementalist on Dec 9, 2018.
             Killed from afar by Blork the orc (7 damage)
             ... with a puff of frost
             ... on level 4 of the Dungeon.
             The game lasted 00:09:46 (3634 turns).

tilp the Chiller (Merfolk Ice Elementalist)         Turns: 3634, Time: 00:09:47

Health: 0/41       AC:  4    Str:  8    XL:     6   Next: 53%
Magic:  9/9        EV: 12    Int: 17    God:
Gold:   110        SH:  0    Dex: 14    Spells: 3/9 levels left

rFire    . . .     SeeInvis .   p - +0 dagger
rCold    . . .     Gourm    .   (no shield)
rNeg     . . .     Faith    .   i - +0 leather armour (curse)
rPois    .         Spirit   .   (no helmet)
rElec    .         Reflect  .   q - +0 cloak
rCorr    .         Harm     .   (no gloves)
MR       .....                  (no boots)
Stlth    ++........             s - amulet of rage
HPRegen  0.13/turn              (no ring)
MPRegen  0.11/turn              (no ring)

@: no status effects
A: change form in water, swift swim, stealthy swim
a: Evoke Berserk Rage


You were on level 4 of the Dungeon.
You were hungry.

You visited 1 branch of the dungeon, and saw 4 of its levels.

You collected 110 gold pieces.

Inventory:

Hand Weapons
 f - a +0 hunting sling
 m - a +1 spear
 p - a +0 dagger (weapon)
Missiles
 b - 22 sling bullets
 h - 81 stones (quivered)
 r - 5 javelins
Armour
 a - a +0 robe
 i - a cursed +0 leather armour (worn)
 q - a +0 cloak (worn)
Jewellery
 s - an amulet of rage (around neck)
Scrolls
 e - 4 scrolls of remove curse
 g - a scroll of enchant weapon
 j - a scroll of teleportation
 t - a scroll of fear {unknown}
Potions
 d - a potion of lignification {unknown}
 k - a potion of haste
 l - 3 potions of curing
 n - a potion of flight
 o - 2 potions of agility {unknown}
 u - a potion of resistance {unknown}
Comestibles
 c - 5 rations


   Skills:
 - Level 2.6 Dodging
 - Level 2.1 Stealth
 - Level 2.0 Spellcasting
 - Level 0.7 Conjurations
 + Level 7.8 Ice Magic


You had 3 spell levels left.
You knew the following spells:

 Your Spells              Type           Power        Failure   Level  Hunger
a - Freeze                Ice            ####         1%          1    #......
b - Throw Frost           Conj/Ice       ###...       8%          2    ###....
c - Ozocubu's Armour      Chrm/Ice       ###.....     17%         3    ###....

Your spell library contained the following spells:

 Spells                   Type           Power        Failure   Level  Hunger
 Throw Icicle             Conj/Ice       ###.....     43%         4    #####..
 Summon Ice Beast         Ice/Summ       ###.....     50%         4    #####..


Dungeon Overview and Level Annotations

Branches:
Dungeon (4/15)
 Temple: D:4-7

Altars:

Annotations:
D:4 Blork the orc, Edmund, Grinder


Message History

The puff of frost hits you!
* * * LOW HITPOINT WARNING * * *
You feel better. Blork the orc barely misses you.
Blork the orc points at you and mumbles some strange words.
The magic dart hits you!
* * * LOW HITPOINT WARNING * * *
Blork the orc closely misses you. Blork the orc barely misses you.
Blork the orc screams, "I'll cover the dungeon with your blood!"
Blork the orc hits you but does no damage.
Blork the orc closely misses you. Blork the orc barely misses you.
Blork the orc gestures at you while chanting.
The puff of flame misses you.
Blork the orc looks satisfied for a moment.
Blork the orc closely misses you.
Blork the orc gestures at you while chanting.
The puff of frost hits you!
You die...

#.# #.#............#
#.#
#.#.##.######..###
#.#
#.#.##............
#.#
#.#.#########.....
#.# #.#.# #).##. #.#
#.#.# #..##. #.#
#o#.# #..... #.#
#.#.#########.####
#.# #@#.#.........#
#.#
#.#.#.#######.####
#.#
#.#...............
#.#
#.#............###
#.# #.####......<#.#
#.# #............#.#
#.########..)[##.#.#
#.#<.............#.#
#.###..#.#########.#


You could see Blork the orc.

Vanquished Creatures
  An ogre (D:4)
  Crazy Yiuf (D:2)
  Terence (D:2)
  2 orc wizards
  A worker ant (D:4)
  4 adders
  2 worms (D:2)
  A dart slug (D:4)
  3 leopard geckos
  12 orcs
  A ball python (D:4)
  3 giant cockroaches
  A goblin (D:2)
  9 hobgoblins
  5 kobolds
  2 quokkas
  4 bats
  6 frilled lizards
  6 rats
65 creatures vanquished.

Notes
Turn   | Place    | Note
-------+----------+-------------------------------------------
     0 | D:1      | tilp the Merfolk Ice Elementalist began the quest for the
                  | Orb.
     0 | D:1      | Reached XP level 1. HP: 13/13 MP: 3/3
   327 | D:1      | Reached XP level 2. HP: 19/19 MP: 1/5
   358 | D:1      | Learned a level 2 spell: Throw Frost
   424 | D:1      | Reached skill level 4 in Ice Magic
   784 | D:2      | Reached XP level 3. HP: 24/24 MP: 0/6
  1047 | D:2      | Noticed Terence
  1066 | D:2      | Killed Terence
  1066 | D:2      | Reached skill level 5 in Ice Magic
  1066 | D:2      | Reached XP level 4. HP: 27/30 MP: 3/7
  1072 | D:2      | Learned a level 3 spell: Ozocubu's Armour
  1139 | D:2      | Found a runed door.
  1175 | D:2      | Noticed Crazy Yiuf
  1184 | D:2      | Killed Crazy Yiuf
  1571 | D:2      | Reached skill level 6 in Ice Magic
  1699 | D:3      | Reached XP level 5. HP: 35/35 MP: 4/8
  2470 | D:4      | Noticed Blork the orc
  2672 | D:4      | Reached skill level 7 in Ice Magic
  2795 | D:4      | Noticed Grinder
  2797 | D:4      | Noticed Edmund
  2850 | D:4      | Noticed an ogre
  2933 | D:4      | Reached XP level 6. HP: 36/41 MP: 5/9
  3607 | D:4      | HP: 2/41 [Blork the orc/puff of frost (11)]
  3634 | D:4      | Killed from afar by Blork the orc

Vault maps used:
D:1:      psy_arrival_statuary
D:2:      uniq_crazy_yiuf_cottage, uniq_terence
D:4:      gammafunk_ghost_nasty_kobolds, okawaru_altar_gauntlet_db,
          uniq_blork_the_orc, uniq_grinder, uniq_eustachio, uniq_edmund

Skill      XL: |  1  2  3  4  5 |
---------------+----------------+-----
Ice Magic      | 4 5 6 7 |  7.8
Dodging        | |  2.6
Stealth        | |  2.1
Spellcasting   | |  2.0
Conjurations   | |  0.7

Action                   |  1- 3 |  4- 6 || total
-------------------------+-------+-------++-------
Melee: Dagger            |       |    50 ||    50
Throw: Stone             |       |     2 ||     2
 Cast: Freeze            |    41 |    66 ||   107
       Throw Frost       |       |     9 ||     9
       Ozocubu's Armour  |       |     5 ||     5
  Use: Scroll            |     4 |     2 ||     6
       Potion            |       |     1 ||     1
 Stab: Sleeping          |       |     4 ||     4
  Eat: Chunk             |     1 |    10 ||    11
Armor: Robe              |     1 |       ||     1
       Leather armour    |     5 |    30 ||    35
Dodge: Dodged            |    16 |    72 ||    88

Table legend:
 A = Non-vault XP
 B = Vault XP
 C = Vault XP percentage of total XP
 D = Non-vault monster count
 E = Vault monster count
 F = Vault count percentage of total count
                 A         B        C        D         E       F
            +---------+---------+-------+---------+---------+-------
      Total |     403 |      76 |  15.9 |      63 |       2 |   3.1
            +---------+---------+-------+---------+---------+-------
        D:1 |      14 |       0 |   0.0 |       9 |       0 |   0.0
        D:2 |      70 |      76 |  52.1 |      25 |       2 |   7.4
        D:3 |      99 |       0 |   0.0 |      18 |       0 |   0.0
        D:4 |     220 |       0 |   0.0 |      11 |       0 |   0.0
            +---------+---------+-------+---------+---------+-------
